 Dungeon Crawl Stone Soup version 0.17-a0-473-gfd9ac06 (webtiles) character file.

105 Kisielow the Changer (level 4, 0/33 HPs)
             Began as a Merfolk Transmuter on Apr 7, 2015.
             Killed by divine providence
             ... invoked by an orc priest
              (11 damage)
             ... on level 3 of the Dungeon.
             The game lasted 00:10:22 (2466 turns).

Kisielow the Changer (Merfolk Transmuter)           Turns: 2466, Time: 00:10:23

Health: 0/33       AC:  2    Str: 10    XL:     4   Next: 81%
Magic:  1/7        EV: 21    Int: 13    God:
Gold:   118        SH:  0    Dex: 19    Spells: 2 memorised, 3 levels left

rFire  . . .     SeeInvis .       - Unarmed
rCold  . . .     Clarity  +     (armour currently unavailable)
rNeg   . . .     SustAb   .     (shield currently unavailable)
rPois  x         Gourm    .     (helmet currently unavailable)
rElec  .         Spirit   .     (cloak currently unavailable)
rCorr  .         Warding  .     (gloves currently unavailable)
rMut   .         Stasis   .     (boots currently unavailable)
MR     .....                    (no amulet)
Stlth  ++........               p - ring of flight
                                j - ring of wizardry

@: spider-form (expiring), very slightly contaminated, not resistant to hostile
enchantments, unstealthy
A: (change form in water), (swift swim), (icy blue scales 0), blurry vision 1,
clarity
a: End Transformation, Evoke Flight


You were on level 3 of the Dungeon.
You were not hungry.
You were a venomous arachnid creature.
You visited 1 branch of the dungeon, and saw 3 of its levels.

You collected 118 gold pieces.

Inventory:

Missiles
 b - 30 arrows
Armour
 c - a +0 robe (melded)
 n - a +0 pair of boots (melded)
 t - a +0 pair of gloves (melded)
Jewellery
 j - a ring of wizardry (left front leg)
 p - a ring of flight (right front leg)
Scrolls
 s - a scroll of recharging
Potions
 e - a potion of might
 g - a potion of brilliance
 h - a potion of poison {unknown}
 i - a potion of restore abilities
 o - 4 potions of curing
Books
 d - a book of Changes

   Spells                             Type                      Level
   a - Beastly Appendage              Transmutation                1
   b - Sticks to Snakes               Transmutation                2
   c - Spider Form                    Transmutation/Poison         3
   d - Ice Form                       Ice/Transmutation            4
   e - Blade Hands                    Transmutation                5
Comestibles
 a - 5 bread rations
 f - 3 chunks of flesh
 u - a meat ration


   Skills:
 - Level 2.0 Fighting
 - Level 3.2 Dodging
 - Level 4.1 Unarmed Combat
 - Level 2.0 Spellcasting
 - Level 4.4 Transmutations
 * Level 1.2 Poison Magic


You had 3 spell levels left.
You knew the following spells:

 Your Spells              Type           Power        Failure   Level  Hunger
a - Beastly Appendage     Trmt           ##....       7%          1    ##.....
s - Spider Form           Trmt/Pois      #.........   22%         3    ####...


Dungeon Overview and Level Annotations

Branches:
Dungeon (3/15)

Altars:
Trog


Innate Abilities, Weirdness & Mutations

((You revert to your normal form in water.))
((You are very nimble and swift while swimming.))
((You are partially covered in icy blue scales (AC +1).))
Scrolls take you a little longer to read.
You possess an exceptional clarity of mind.


Message History

You barely miss the hobgoblin.
The hobgoblin is severely wounded.
The hobgoblin hits you but does no damage.
A quokka comes into view.
You closely miss the hobgoblin.
The hobgoblin is severely wounded.
The hobgoblin closely misses you.
You hit the hobgoblin.
You kill the hobgoblin!
The quokka bites you.
You hit the quokka.
You kill the quokka!
You closely miss the orc. The orc barely misses you.
You bite the orc!
The orc is almost dead.
Your transformation is almost over.
The orc hits you with a flail!
The orc priest invokes the aid of Beogh against you.
Something smites you!
You die...

...##..#.........
#....)...
.......#.#.........
#########
###.#.....#####...
##. ..
####..###...# #.. .
##.#...# #.. #...#
# #.. ##..####..#
##. #.........# ##
##s.......# #
.....roo####...##
.....og #.. .......
....... ......
.%... .... .


You could see an orc priest, 2 orcs, a quokka and a goblin.

Vanquished Creatures
  5 adders
  2 worms (D:2)
  10 bats
  7 giant cockroaches
  4 goblins
  5 hobgoblins
  7 kobolds
  A quokka (D:3)
  A ball python (D:2)
  3 giant newts
  6 rats
51 creatures vanquished.

Notes
Turn   | Place    | Note
--------------------------------------------------------------
     0 | D:1      | Kisielow, the Merfolk Transmuter, began the quest for the Orb.
     0 | D:1      | Reached XP level 1. HP: 15/15 MP: 3/3
   405 | D:1      | Reached XP level 2. HP: 21/21 MP: 3/5
  1059 | D:1      | Reached skill level 4 in Unarmed Combat
  1261 | D:2      | Reached XP level 3. HP: 25/27 MP: 4/6
  1308 | D:2      | Learned a level 3 spell: Spider Form
  1552 | D:2      | Reached XP level 4. HP: 24/33 MP: 2/7
  2129 | D:2      | Gained mutation: You are partially covered in icy blue scales (AC +1). [potion of mutation]
  2129 | D:2      | Gained mutation: Scrolls take you a little longer to read. [potion of mutation]
  2129 | D:2      | Gained mutation: You possess an exceptional clarity of mind. [potion of mutation]
  2281 | D:3      | Noticed a moth of wrath
  2284 | D:3      | Found a bloodstained altar of Trog.
  2420 | D:3      | Reached skill level 1 in Poison Magic
  2466 | D:3      | Killed from afar by an orc priest

Action                   |  1- 3 |  4- 6 || total
-------------------------+-------+-------++-------
Melee: Unarmed           |    94 |    63 ||   157
 Cast: Beastly Appendage |    12 |     5 ||    17
       Spider Form       |     4 |     7 ||    11
  Use: Scroll            |       |    10 ||    10
       Potion            |       |     1 ||     1
 Stab: Sleeping          |     1 |       ||     1
  Eat: Chunk             |     2 |     5 ||     7
